 Dungeon Crawl Stone Soup version 0.30.0-18-gc0e69614cb (webtiles) character file.

Game seed: 14957097784931506935

2011 sampeng1 the Blocker (level 9, -3/72 HPs)
             Began as a Formicid Fighter on May 25, 2023.
             Killed from afar by Dowan (15 damage)
             ... with a shard of ice
             ... on level 7 of the Dungeon.
             The game lasted 00:20:26 (6676 turns).

sampeng1 the Blocker (Formicid Fighter)             Turns: 6676, Time: 00:20:26

Health: -3/72      AC: 20    Str: 26    XL:     9   Next: 46%
Magic:  9/9        EV:  7    Int: 13    God:
Gold:   1761       SH:  7    Dex: 19    Spells: 8/8 levels left

rFire   + + +        a - +0 war axe
rCold   x . .        c - +0 buckler
rNeg    . . .        w - +1 plate armour
rPois   .            (helmet unavailable)
rElec   .            j - +0 cloak
rCorr   .            n - +2 pair of gloves
SInv    +            b - +0 pair of boots of the Dripping Gods {rF++ rC- Int+6 Stlth+}
Will    .....        (no amulet) Stlth
                     i - ring of protection from fire
HPRegen 0.32/turn    t - +6 ring of dexterity
MPRegen 0.11/turn

%: no passive effects
@: mighty
A: permanent stasis, dig shafts and tunnels, antennae 3, four strong arms
a: Dig, Shaft Self


You were on level 7 of the Dungeon.
You visited 1 branch of the dungeon, and saw 7 of its levels.

You collected 1826 gold pieces.
You spent 65 gold pieces at shops.

Inventory:

Hand Weapons
 a - a +0 war axe (weapon)
 f - a +0 mace of venom
Missiles
 q - 5 boomerangs
Armour
 b - the +0 pair of boots of the Dripping Gods (worn) {rF++ rC- Int+6 Stlth+}
   (You acquired it on level 6 of the Dungeon)

   Int:       It affects your intelligence (+6).
   rF:        It greatly protects you from fire.
   rC:        It makes you vulnerable to cold.
   Stlth:     It makes you more stealthy.
 c - a +0 buckler (worn)
 j - a +0 cloak (worn)
 n - a +2 pair of gloves (worn)
 p - a +0 chain mail
 w - a +1 plate armour (worn)
Jewellery
 i - a ring of protection from fire (left hand)
 k - a ring of resist corrosion
 r - a ring of resist corrosion
 t - a +6 ring of dexterity (right hand)
 v - a ring of willpower
 y - an amulet of faith
 C - a ring of protection from fire
Wands
 o - a wand of roots (3)
 A - a wand of quicksilver (9)
Scrolls
 g - a scroll of identify
 h - 4 scrolls of teleportation
 u - 3 scrolls of fear
 x - a scroll of magic mapping
 z - 2 scrolls of vulnerability
Potions
 e - 5 potions of heal wounds
 l - a potion of cancellation
 m - 3 potions of mutation
 s - 3 potions of flight
 B - a potion of magic


   Skills:
 + Level 7.3 Fighting
 + Level 6.1 Axes
 - Level 0.6(3.8) Maces & Flails
 + Level 7.2 Armour
 + Level 8.6 Shields


You had 8 spell levels left.
You didn't know any spells.
Your spell library contained the following spells:

 Spells                   Type           Power      Damage    Failure   Level
 Shock                    Conj/Air       0%         1d3       99%         1
 Ensorcelled Hibernation  Hex/Ice        0%         N/A       99%         2
 Passwall                 Tmut/Erth      0%         N/A       99%         2
 Airstrike                Air            0%         2d(0-16)  100%        4
 Swiftness                Air            Unusable   N/A       N/A         3

Dungeon Overview and Level Annotations

Branches:
Dungeon (7/15)             Temple (0/1) D:7

Altars:
Qazlal

Shops:
D:4 *

Annotations:
D:7 Dowan


Innate Abilities, Weirdness & Mutations

You cannot be hasted, slowed, berserked, paralysed or teleported.
You can dig through walls and to a lower floor.
You have a pair of large antennae on your head. (SInv)
Your four strong arms can wield two-handed weapons with a shield.


Message History

Dowan screams, "No!
No!"
Dowan seems to find hidden reserves of power!
You block the gnoll sergeant's attack.
You closely miss the gnoll. The gnoll hits you with a +0 flail.
The gnoll sergeant hits you from afar with a +0 trident.
You hit the gnoll but do no damage. You block the gnoll's attack.
The gnoll sergeant hits you but does no damage.
The gnoll hits you but does no damage.
The gnoll sergeant hits you from afar with a +0 trident!
You barely miss the gnoll. The gnoll hits you but does no damage.
The gnoll sergeant hits you but does no damage.
You feel very mighty all of a sudden. You block the gnoll's attack.
The gnoll sergeant hits you but does no damage.
You feel much better. You block the gnoll's attack.
The gnoll sergeant hits you from afar with a +0 trident.
You slash the gnoll!
The gnoll is severely wounded.
Dowan casts a spell.
Dowan blinks!
The gnoll hits you but does no damage. You block the gnoll sergeant's attack.
You barely miss the gnoll.
The gnoll is severely wounded.
The gnoll hits you but does no damage. The gnoll sergeant closely misses you.
You barely miss the gnoll.
The gnoll is severely wounded.
You slash Dowan!
Dowan points at you and mumbles some strange words.
The shard of ice hits you!!
You feel a painful chill!
* * * LOW HITPOINT WARNING * * *
The gnoll hits you but does no damage.
The gnoll sergeant hits you from afar with a +0 trident.
* * * LOW HITPOINT WARNING * * *
You block Dowan's attack.
You barely miss the gnoll.
The gnoll is severely wounded.
You slash Dowan! Dowan gestures at you while chanting.
The shard of ice hits you!
You feel a painful chill!
You die...

#.. .... #..
..... #.. ....#
..###.. ~~~~~~
#..$.).###.....#
#....g..g.......
#.....)gg##....
#.....##g# #
#...$.
#@######## #####
#e.......#
#####..#####.#
#......)####.#
#.###..).<##.#
.....#.)#.##.#
#.##.#.......#
......#.####
##......#


You could see a gnoll sergeant, Dowan (fast) and 3 gnolls.

Vanquished Creatures
  Sigmund (D:2)
  Eustachio (D:4)
  A water moccasin (D:6)
  Duvessa (D:7)
  2 ice beasts
  4 ogres
  A phantom (D:4)
  A bullfrog (D:7)
  A scorpion (D:4)
  A howler monkey (D:6)
  2 jellies
  2 hounds (D:4)
  3 orc priests
  Crazy Yiuf (D:2)
  4 iguanas
  8 orc wizards
  A gnoll (D:7)
  5 adders
  A river rat (D:3)
  2 shadow imps (D:5)
  3 worms
  4 dart slugs
  29 orcs
  6 ball pythons
  7 bats
  7 endoplasms
  6 giant cockroaches
  7 goblins
  15 hobgoblins
  3 jackals
  5 kobolds
  A quokka (D:1)
  A frilled lizard (D:3)
  10 rats (D:3)
147 creatures vanquished.

Notes
Turn   | Place    | Note
-------+----------+-------------------------------------------
     0 | D:1      | sampeng1 the Formicid Fighter began the quest for the Orb.
     0 | D:1      | Reached XP level 1. HP: 18/18 MP: 1/1
   155 | D:1      | Reached XP level 2. HP: 24/24 MP: 2/2
   311 | D:1      | Found a faded altar of an unknown god.
   337 | D:1      | Reached XP level 3. HP: 12/29 MP: 3/3
   970 | D:2      | Reached XP level 4. HP: 22/37 MP: 4/4
  1129 | D:2      | Noticed Sigmund
  1138 | D:2      | Killed Sigmund
  1139 | D:2      | Reached skill level 5 in Shields
  1139 | D:2      | Reached XP level 5. HP: 43/43 MP: 5/5
  1139 | D:2      | Reached XP level 6. HP: 49/49 MP: 6/6
  1577 | D:2      | Found a runed translucent door.
  1578 | D:2      | Noticed Crazy Yiuf
  1584 | D:2      | Killed Crazy Yiuf
  2651 | D:4      | Reached XP level 7. HP: 52/55 MP: 7/7
  2707 | D:4      | Reached skill level 5 in Fighting
  2707 | D:4      | Reached skill level 5 in Armour
  2707 | D:4      | Reached skill level 6 in Shields
  3310 | D:4      | Reached XP level 8. HP: 17/63 MP: 8/8
  3556 | D:4      | Noticed Eustachio
  3587 | D:4      | Killed Eustachio
  3801 | D:4      | Found Hikaon Cago's General Store.
  3804 | D:4      | Bought a potion of heal wounds for 65 gold pieces
  3884 | D:4      | Reached skill level 7 in Shields
  4100 | D:5      | Entered Level 5 of the Dungeon
  4232 | D:5      | Reached skill level 5 in Axes
  4566 | D:5      | Found a stormy altar of Qazlal.
  4574 | D:5      | Noticed a fire elemental
  4574 | D:5      | Noticed an air elemental
  4574 | D:5      | Noticed a water elemental
  5290 | D:6      | Reached XP level 9. HP: 69/71 MP: 9/9
  5418 | D:6      | Reached skill level 8 in Shields
  6588 | D:6      | Identified 3 scrolls of acquirement
  6594 | D:6      | Acquired the +0 pair of boots of the Dripping Gods {rF++
                  | rC- Int+6 Stlth+}
  6601 | D:6      | Acquired 351 gold pieces
  6603 | D:6      | Acquired 1167 gold pieces
  6652 | D:7      | Noticed Duvessa
  6653 | D:7      | Found a staircase to the Ecumenical Temple.
  6654 | D:7      | Noticed Dowan
  6667 | D:7      | Killed Duvessa
  6676 | D:7      | Killed from afar by Dowan

Illustrated notes

Levels and vault maps discovered:
D:1:      lightli_arrival_quake, layout_loops_ring,
          dreamdust_ecumenical_altar_angels_and_demons
D:2:      layout_loops_ring, uniq_crazy_yiuf_cottage, uniq_sigmund
D:3:      layout_basic, portal_sewer_entry_e
D:4:      wad_river_or_something, layout_gridville, serial_shops,
          kennysheep_mini_moat, minmay_parallelograms, dk_noncrumbling_4,
          uniq_eustachio
D:5:      layout_loops_ring, nicolae_qazlal_style_of_elements
D:6:      layout_layer_cave
D:7:      layout_loops_cross, minmay_temple_entry_water_ring, serial_shops,
          shop, uniq_duvessa, uniq_joseph

Skill      XL: |  1  2  3  4  5  6  7  8  9 |
---------------+----------------------------+-----
Fighting       | 4 5 6 7 |  7.3
Axes           | 3 4 5 6 |  6.1
Armour         | 4 5 6 7 |  7.2
Shields        | 5 6 7 8 |  8.6
Maces & Flails | |  0.6

Action                     |  1- 3 |  4- 6 |  7- 9 || total
---------------------------+-------+-------+-------++-------
  Melee: War axe           |    45 |   122 |   257 ||   424
         Mace              |    26 |       |       ||    26
Ability: Dig               |       |     1 |       ||     1
    Use: Scroll            |     3 |     1 |    10 ||    14
         Potion            |     2 |     3 |     2 ||     7
 Armour: Scale mail        |    39 |    34 |       ||    73
         Chain mail        |       |    32 |       ||    32
         Plate armour      |       |    18 |   177 ||   195
  Dodge: Dodged            |    28 |    79 |    79 ||   186
  Block: Buckler           |    26 |    38 |   106 ||   170
